 Dungeon Crawl Stone Soup version 0.19-a0-1260-gc94d3f7 (webtiles) character file.

1660 TheGoonsmith the Destroyer (level 8, -6/57 HPs)
             Began as a White Draconian Conjurer on Aug 28, 2016.
             Was a Follower of Vehumet.
             Mangled by an orc warrior
             ... wielding a +2 halberd of protection
              (12 damage)
             ... on level 6 of the Dungeon.
             The game lasted 00:11:18 (5585 turns).

TheGoonsmith the Destroyer (DrCj)                   Turns: 5585, Time: 00:11:18

Health: -6/57      AC:  7    Str: 10    XL:     8   Next: 68%
Magic:  2/16       EV: 12    Int: 18    God:    Vehumet [*.....]
Gold:   122        SH:  5    Dex: 12    Spells: 4 memorised, 5 levels left

rFire  + . .     SeeInvis .     g - +3 short sword (venom)
rCold  + . .     Gourm    .     (armour unavailable)
rNeg   . . .     Faith    .     q - +0 buckler
rPois  .         Spirit   .     (helmet restricted)
rElec  .         Dismiss  .     p - +0 cloak
rCorr  .         Reflect  .     (no gloves)
MR     +....     Harm     .     (no boots)
Stlth  ++........               (no amulet)
                                t - ring of protection from magic
                                w - ring of protection from fire

@: drained
A: breathe frost, unfitting armour, cold resistance 1, cold-blooded, AC +6
a: Breathe Frost, Renounce Religion


You were on level 6 of the Dungeon.
You worshipped Vehumet.
Vehumet was aware of your devotion.
You were hungry.

You visited 2 branches of the dungeon, and saw 7 of its levels.

You collected 279 gold pieces.
You spent 157 gold pieces at shops.

Inventory:

Hand Weapons
 d - a +0 club
 g - a +3 short sword of venom (weapon)
Armour
 p - a +0 cloak (worn)
 q - a +0 buckler (worn)
Jewellery
 o - an uncursed ring of see invisible
 t - a ring of protection from magic (right hand)
 w - a ring of protection from fire (left hand)
 C - an uncursed ring of fire
 E - an uncursed ring of flight
Wands
 l - a wand of polymorph (17/24)
Scrolls
 c - a scroll of recharging {unknown}
 e - a scroll of blinking {unknown}
 h - 2 scrolls of fear
 m - 3 scrolls of teleportation
 r - 2 scrolls of identify
 s - a scroll of amnesia
 y - a scroll of magic mapping
Potions
 i - 6 potions of curing
 j - a potion of invisibility
 k - 3 potions of heal wounds {unknown}
 n - a potion of cancellation {unknown}
 v - 2 potions of haste
 x - 3 potions of might
 z - 2 potions of lignification {unknown}
 A - 2 potions of magic {unknown}
 F - a potion of degeneration {unknown}
Books
 a - a book of Conjurations

   Spells                             Type                      Level
   a - Magic Dart                     Conjuration                  1
   b - Searing Ray                    Conjuration                  2
   c - Dazzling Spray                 Conjuration/Hexes            3
   d - Fulminant Prism                Conjuration/Hexes            4
   e - Iskenderun's Mystic Blast      Conjuration                  4
   f - Iskenderun's Battlesphere      Conjuration/Charms           5
Comestibles
 b - 2 bread rations
 f - 3 meat rations
 u - a slice of pizza


   Skills:
 - Level 1.7(1.5) Dodging
 - Level 1.7(1.5) Stealth
 - Level 4.0(3.8) Shields
 + Level 5.3(5.1) Spellcasting
 * Level 8.0(7.8) Conjurations
 + Level 0.1(0.0) Hexes
 + Level 4.3(4.1) Charms


You had 5 spell levels left.
You knew the following spells:

 Your Spells              Type           Power        Failure   Level  Hunger
a - Magic Dart            Conj           ####         1%          1    None
b - Searing Ray           Conj           ####..       1%          2    #......
c - Fulminant Prism       Conj/Hex       ###.......   28%         4    ####...
z - Iskenderun's Battles  Conj/Chrm      ####....     34%         5    ######.


Dungeon Overview and Level Annotations

Branches:
Dungeon (6/15)             Temple (1/1) D:4

Altars:
Ashenzari
Cheibriados
Dithmenos
Fedhas
Hepliaklqana
Kikubaaqudgha
Okawaru
Qazlal
Ru
Sif Muna
Trog
Vehumet
Xom
Yredelemnul
Zin

Shops:
D:4 *??}%([!


Innate Abilities, Weirdness & Mutations

You can breathe waves of freezing cold.
You can buffet flying creatures when you breathe cold.
Your icy white scales are hard. (AC +6)
Your body does not fit into most forms of armour.
Your flesh is cold resistant. (rC+)
You are cold-blooded and may be slowed by cold attacks.


Message History

The orc warrior is moderately wounded.
The orc warrior barely misses you.
The searing ray hits the orc warrior.
The orc warrior is heavily wounded.
You finish channeling your searing ray.
Casting: Searing Ray
Confirm with . or Enter, or press ? or * to list all spells.
Aiming: Searing Ray
Press: ? - help, Shift-Dir - straight line, f - orc warrior
Aim: an orc warrior, wielding a halberd of protection and wearing a plate armour (heavily wounded)
The searing ray hits the orc warrior.
The orc warrior is heavily wounded.
The orc warrior hits you from afar with a halberd of protection!
The searing ray misses the orc warrior.
The orc warrior hits you from afar with a halberd of protection!
* * * LOW HITPOINT WARNING * * *
The searing ray hits the orc warrior.
The orc warrior is heavily wounded.
The orc warrior hits you from afar with a halberd of protection!
You die...

..# #.#
..# #.#
..# #.#
..# #.# #
#># # #.#
# #.# #.#
#@# #)#
#o# #[#
#)# ...
.....
...$...
#.......#


You could see an orc warrior.

Vanquished Creatures
  An ice beast (D:5)
  A necrophage (D:6)
  3 ogres
  A phantom (D:4)
  2 giant frogs (D:6)
  2 scorpions (D:5)
  A wyvern skeleton (D:6)
  6 wights (D:6)
  2 howler monkeys
  2 crimson imps
  2 giant frog zombies (D:5)
  3 hounds
  2 orc priests (D:6)
  A giant frog skeleton (D:5)
  An iguana (D:3)
  An orc wizard (D:4)
  5 gnolls
  7 adders
  3 adder skeletons
  2 dart slugs
  4 giant geckos
  6 orcs
  5 bats
  2 giant cockroaches
  3 goblins
  6 hobgoblins
  6 jackals
  9 kobolds
  3 quokkas
  3 ball pythons
  8 giant newts
  A quokka zombie (D:5)
  5 rats
109 creatures vanquished.

Notes
Turn   | Place    | Note
-------+----------+-------------------------------------------
     0 | D:1      | TheGoonsmith the Draconian Conjurer began the quest for the Orb.
     0 | D:1      | Reached XP level 1. HP: 14/14 MP: 3/3
   213 | D:1      | Reached XP level 2. HP: 20/20 MP: 0/5
  1054 | D:2      | Reached XP level 3. HP: 26/26 MP: 3/6
  1058 | D:2      | Learned a level 2 spell: Searing Ray
  1270 | D:2      | Found a shadowy altar of Dithmenos.
  1552 | D:3      | Reached skill level 5 in Conjurations
  1766 | D:3      | Reached XP level 4. HP: 29/33 MP: 6/8
  1984 | D:3      | Reached skill level 1 in Shields
  1984 | D:3      | Reached XP level 5. HP: 38/38 MP: 2/9
  2305 | D:4      | Found Bolucepy's Antique Armour Emporium.
  2336 | D:4      | Found a glowing silver altar of Zin.
  2435 | D:4      | Found Xyubb's Weapon Shoppe.
  2447 | D:4      | Found Lixt's Distillery.
  2453 | D:4      | Bought 2 potions of might for 88 gold pieces
  2550 | D:4      | Reached skill level 6 in Conjurations
  2568 | D:4      | Found Satitu's Food Boutique.
  2606 | D:4      | Found Xoxt's Gadget Shoppe.
  2630 | D:4      | Found Egruz's Magic Scroll Shoppe.
  2638 | D:4      | Learned a level 5 spell: Iskenderun's Battlesphere
  2659 | D:4      | Reached XP level 6. HP: 45/45 MP: 2/11
  2735 | D:4      | Found Zueluczy's Magic Scroll Shoppe.
  2735 | D:4      | Found Dole's Assorted Antiques.
  2753 | D:4      | Bought a scroll labeled BONAOLA ZOEMN for 23 gold pieces
  2753 | D:4      | Bought a scroll labeled WEIT FIOR SALO for 23 gold pieces
  2753 | D:4      | Bought a scroll labeled QAPNIN LUIDYJU for 23 gold pieces
  2814 | D:4      | Found a staircase to the Ecumenical Temple.
  2924 | D:4      | Found a blossoming altar of Fedhas.
  2967 | Temple   | Entered the Ecumenical Temple
  3193 | D:5      | Entered Level 5 of the Dungeon
  3193 | D:5      | Noticed an ice beast
  3207 | D:5      | Killed an ice beast
  3207 | D:5      | Reached skill level 1 in Charms
  3214 | D:5      | Your scales start taking on an icy white colour.
  3214 | D:5      | Reached XP level 7. HP: 11/50 MP: 2/12
  3214 | D:5      | Gained mutation: Your flesh is cold resistant. (rC+) [White Draconian growth]
  3465 | D:5      | Found a radiant altar of Vehumet.
  3474 | D:5      | Became a worshipper of Vehumet
  4458 | D:5      | Noticed a gargoyle
  4561 | D:5      | Found a snail-covered altar of Cheibriados.
  4574 | D:5      | Reached skill level 7 in Conjurations
  4914 | D:6      | Reached XP level 8. HP: 57/57 MP: 8/14
  5157 | D:6      | Reached * piety under Vehumet
  5157 | D:6      | Offered knowledge of Sting by Vehumet.
  5332 | D:6      | Reached skill level 5 in Spellcasting
  5382 | D:6      | Reached skill level 8 in Conjurations
  5557 | D:6      | Learned a level 4 spell: Fulminant Prism
  5585 | D:6      | Mangled by an orc warrior

Vault maps used:
D:1:      minmay_arrival_up_and_down
D:2:      lemuel_doored_altar
D:3:      first_bread, cheibrodos_gnoll_hut
D:4:      zin_statuary, fedhas_altar_4, serial_shops, nicolae_shop_behind_doors,
          shop, shop, shop, minmay_shop_grid_forest, serial_bayou_crossing
D:5:      nicolae_overflow_crystal_walls, kennysheep_slug_shrine,
          lightli_corner_chamber
D:6:      minmay_opposing_rooms, elyvilon_altar_4
Temple:   eino_wide_crystal_templ

Skill      XL: |  1  2  3  4  5  6  7  8 |
---------------+-------------------------+-----
Conjurations   | 5 6 7 8 |  8.0
Spellcasting   | 3 4 5 |  5.3
Shields        | 1 2 3 4 |  4.0
Charms         | 1 2 4 |  4.3
Dodging        | |  1.7
Stealth        | |  1.7
Hexes          | |  0.1

Action                   |  1- 3 |  4- 6 |  7- 9 || total
-------------------------+-------+-------+-------++-------
Melee: Club              |     9 |       |       ||     9
       Short sword       |     9 |    46 |    43 ||    98
       Tailslap          |     2 |     3 |     3 ||     8
 Cast: Magic Dart        |    75 |    64 |    64 ||   203
       Searing Ray       |       |     3 |    21 ||    24
 Abil: Breathe Frost     |       |       |     6 ||     6
  Use: Potion            |       |     2 |       ||     2
       Scroll            |       |       |    12 ||    12
 Stab: Sleeping          |       |     1 |       ||     1
  Eat: Chunk             |     3 |     4 |     5 ||    12
       Bread ration      |       |       |     1 ||     1
Armor: Skin              |    14 |    23 |    28 ||    65
Dodge: Dodged            |    25 |    37 |    46 ||   108
Block: Buckler           |       |     9 |    20 ||    29
